 Dungeon Crawl Stone Soup version 0.29.1-1-gd02db6906a (webtiles) character file.

Game seed: 3350362108094827116

95 Zeld the Chopper (level 4, -4/60 HPs)
             Began as a Minotaur Berserker on Oct 9, 2022.
             Was a Believer of Trog.
             Slain by Grinder (9 damage)
             ... on level 3 of the Dungeon.
             The game lasted 00:01:26 (1782 turns).

Zeld the Chopper (Minotaur Berserker)               Turns: 1782, Time: 00:01:27

Health: -4/60      AC:  2    Str: 23    XL:     4   Next: 39%
Magic:  3/3        EV: 12    Int:  4    God:    Trog [**....]
Gold:   143        SH:  0    Dex: 10    Spells: 3/3 levels left

rFire   . . .      SeeInvis .   a - +2 hand axe (venom)
rCold   . . .      Faith    .   (no shield)
rNeg    . . .      Spirit   .   b - +0 animal skin
rPois   .          Reflect  .   (helmet restricted)
rElec   .          Harm     .   (no cloak)
rCorr   .          Rampage  .   (no gloves)
Will    .....                   (no boots)
Stlth   ..........              (no amulet)
HPRegen 0.20/turn               (no ring)
MPRegen 0.08/turn               (no ring)

@: berserking, very quick
A: horns 2, retaliatory headbutt
a: Renounce Religion, Berserk, Trog's Hand


You were on level 3 of the Dungeon.
You worshipped Trog.
Trog was pleased with you.
You visited 1 branch of the dungeon, and saw 3 of its levels.

You collected 143 gold pieces.

Inventory:

Hand Weapons
 a - a +2 hand axe of venom (weapon)
Missiles
 c - 4 atropa-tipped darts
 l - 5 javelins
Armour
 b - a +0 animal skin (worn)
Jewellery
 d - a ring of protection from cold
Wands
 m - a wand of mindburst (11)
Scrolls
 e - 2 scrolls of identify {unknown}
 f - a scroll of magic mapping {unknown}
 g - a scroll of enchant weapon {unknown}
 i - a scroll of silence {unknown}
 j - a scroll of vulnerability {unknown}
Potions
 h - 2 potions of invisibility {unknown}
 k - a potion of curing {unknown}


   Skills:
 + Level 4.3 Fighting
 * Level 4.9 Axes
 + Level 3.2 Armour
 + Level 3.0 Dodging


You had 3 spell levels left.
You didn't know any spells.
Your spell library was empty.

Dungeon Overview and Level Annotations

Branches:
Dungeon (3/15)

Altars:

Shops:
D:1 :

Annotations:
D:3 Grinder


Innate Abilities, Weirdness & Mutations

You have a pair of horns on your head.
You reflexively headbutt those who attack you in melee.


Message History

A bat is nearby!
A bat is nearby!
A bat is nearby!
You see here 7 stones.
A bat is nearby!
The bat hits you but does no damage. The bat closely misses you.
A bat is nearby!
You hit the bat.
The bat is severely wounded.
The bat barely misses you. You furiously retaliate!
You headbutt the bat.
You kill the bat!
Trog accepts your kill.
No target in view!
Grinder comes into view.
Grinder shouts!
Grinder grins, showing sharp teeth.
Grinder drinks a potion.
Grinder seems to speed up.
Grinder is nearby!
Grinder is nearby!
Grinder hits you!
You writhe in agony.
Grinder gestures at you. You resist with significant effort.
You barely miss Grinder. Grinder misses you. You furiously retaliate!
You headbutt Grinder, but do no damage. You closely miss Grinder.
Grinder hits you.
You writhe in agony.
Grinder gestures at you.
You barely resist. You hit Grinder but do no damage. Grinder hits you.
You writhe in agony.
* * * LOW HITPOINT WARNING * * *
You are too injured to fight recklessly!
You hit Grinder but do no damage. Your headbutt misses Grinder.
Grinder hits you.
* * * LOW HITPOINT WARNING * * *
You writhe in agony.
* * * LOW HITPOINT WARNING * * *
Grinder barely misses you.
You are too injured to fight recklessly!
A red film seems to cover your vision as you go berserk!
You feel yourself moving faster!
You feel mighty! Grinder hits you!
You die...

##.########..# #.#
#...........# #.#
##########.#####.########
#.#............# ##
..#.##########.#
#...####.# .........##
#...###...###### .
#.....#..@5..#
...###...####....# #
##.## ..# #.. . #.# #.#
#. #.


You could see Grinder (fast).

Vanquished Creatures
  Ijyb (D:3)
  An adder (D:2)
  3 dart slugs
  6 ball pythons
  5 endoplasms
  A giant cockroach (D:1)
  2 goblins (D:1)
  A hobgoblin (D:2)
  3 jackals (D:1)
  5 quokkas
  11 bats
  A frilled lizard (D:1)
  6 kobolds
  3 rats
49 creatures vanquished.

Notes
Turn   | Place    | Note
-------+----------+-------------------------------------------
     0 | D:1      | Zeld the Minotaur Berserker began the quest for the Orb.
     0 | D:1      | Reached XP level 1. HP: 19/19 MP: 0/0
    81 | D:1      | Reached XP level 2. HP: 21/27 MP: 1/1
   413 | D:1      | Reached XP level 3. HP: 22/33 MP: 2/2
   657 | D:1      | Found Kinoo's Book Emporium.
   683 | D:1      | Reached ** piety under Trog
   946 | D:2      | Found a faded altar of an unknown god.
   948 | D:2      | Noticed an eye of devastation
   948 | D:2      | Noticed a great orb of eyes
   952 | D:2      | Noticed a floating eye
   952 | D:2      | Noticed a golden eye
  1491 | D:3      | Noticed Ijyb
  1498 | D:3      | Killed Ijyb
  1499 | D:3      | Reached XP level 4. HP: 26/40 MP: 3/3
  1774 | D:3      | Noticed Grinder
  1782 | D:3      | Slain by Grinder

Illustrated notes

Levels and vault maps discovered:
D:1:      elethiomel_arrival_maze, layout_rooms, serial_shops,
          nicolae_shop_behind_doors
D:2:      layout_basic, hellmonk_ecumenical_altar_watching_god,
          serial_bayou_crossing
D:3:      layout_loops_ring, yredelemnul_forgotten_temple_becter,
          nicolae_shop_vocational, uniq_ijyb, uniq_grinder

Skill      XL: |  1  2  3  4 |
---------------+-------------+-----
Axes           | 4 |  4.9
Fighting       | 4 |  4.3
Armour         | 3 |  3.2
Dodging        | 3 |  3.0

Action                   |  1- 3 |  4- 6 || total
-------------------------+-------+-------++-------
Melee: Hand axe          |    78 |     6 ||    84
       Headbutt          |    11 |       ||    11
Invok: Berserk           |       |     1 ||     1
 Stab: Sleeping          |     1 |       ||     1
Armor: Animal skin       |    26 |     1 ||    27
Dodge: Dodged            |    55 |     7 ||    62
